 Dungeon Crawl Stone Soup version 0.29.0-4-gdea44cf6ec (webtiles) character file.

Game seed: 8013389732004707560

31 qw the Chopper (level 3, 0/21 HPs)
             Began as a Tengu Warper on Aug 28, 2022.
             Succumbed to their own poison gas
             ... on level 1 of the Dungeon.
             The game lasted 00:00:05 (1017 turns).

qw the Chopper (Tengu Warper)                       Turns: 1017, Time: 00:00:06

Health: 0/21       AC:  3    Str: 13    XL:     3   Next: 22%
Magic:  7/7        EV: 12    Int: 13    God:
Gold:   74         SH:  0    Dex: 13    Spells: 6/6 levels left

rFire   . . .      SeeInvis .   Y - +0 hand axe
rCold   . . .      Faith    .   (no shield)
rNeg    . . .      Spirit   .   b - +0 leather armour
rPois   .          Reflect  .   (helmet restricted)
rElec   .          Harm     .   (no cloak)
rCorr   .          Rampage  .   (no gloves)
Will    .....                   (boots unavailable)
Stlth   +.........              (no amulet)
HPRegen 0.07/turn               (no ring)
MPRegen 0.10/turn               (no ring)

@: brilliant, lethally poisoned (0 -> -1)
A: beak, talons 3
a: no special abilities


You were on level 1 of the Dungeon.
You visited 1 branch of the dungeon, and saw 1 of its levels.

You collected 74 gold pieces.


Innate Abilities, Weirdness & Mutations

You have a beak for a mouth.
You have claws for feet.


   Skills:
 - Level 2.0 Fighting
 + Level 4.0 Axes
 - Level 1.0 Throwing
 - Level 1.1 Armour
 - Level 2.1 Dodging
 - Level 2.0 Spellcasting
 - Level 2.4 Translocations


You had 6 spell levels left.
You didn't know any spells.
Your spell library contained the following spells:

 Spells                   Type           Power      Damage    Failure   Level
 Blink                    Tloc           22%        N/A       19%         2
 Gell's Gravitas          Tloc           11%        N/A       36%         3
 Lesser Beckoning         Tloc           11%        N/A       36%         3
 Teleport Other           Tloc           11%        N/A       36%         3
 Manifold Assault         Tloc           11%        N/A       98%         5

Inventory:

Hand Weapons
 d - a +0 whip
 Y - a +0 hand axe (weapon)
Armour
 b - a +0 leather armour (worn)
Potions
 f - a potion of heal wounds {unknown}
 h - a potion of degeneration {unknown}
 j - a potion of haste {unknown}
 l - a potion of magic {unknown}

Dungeon Overview and Level Annotations

Branches:
Dungeon (1/15)

Altars:


Message History

As you read the scroll labelled ATADDO ZOLLO, it crumbles to dust.
You hear a loud clanging noise!
It was a scroll of noise.
Done exploring.
1005 ||| DRINKING 2 cyan potions.
It was a potion of brilliance.
You feel clever all of a sudden.
Done exploring.
1006 ||| DROPPING scroll of poison.
You drop a scroll of poison.
Done exploring.
1007 ||| DROPPING scroll of blinking.
You drop a scroll of blinking.
Done exploring.
1008 ||| DROPPING potion of brilliance.
You drop a potion of brilliance.
Done exploring.
(D) Dungeon
Where to? (* - list waypoints, ? - help)
What level of the Dungeon? (default 1, ? - help) Sorry, I don't know how to get there.
Done exploring.
1009 ||| Stepping randomly (stuck).
Really walk into that cloud of poison gas?
You are engulfed in poison gas.
You are poisoned.
You feel very sick.
1010 ||| Stepping ~*~*~tactically~*~*~ (cloud).
You feel very sick.
Things that are here:
a potion of brilliance; a scroll of blinking; a scroll of poison
There is a lethal amount of poison in your body!
You feel sick.
There is a lethal amount of poison in your body!
You feel sick.
There is a lethal amount of poison in your body!
You feel sick.
There is a lethal amount of poison in your body!
You feel sick.
There is a lethal amount of poison in your body!
You feel sick.
There is a lethal amount of poison in your body!
You feel sick.
There is a lethal amount of poison in your body!
You die...

########### #..0.0...@#
#.#######0# #.# #.# ######
###.#######0# ##.###.
#...##...##0# ##......
#.......#.#.## #..##.##
#.#####.##.00#########.#....
#.......#.0..........#...##.
#.#####.......########.#.#..


There were no monsters in sight!

Vanquished Creatures
  7 ball pythons (D:1)
  6 bats (D:1)
  An endoplasm (D:1)
  A goblin (D:1)
  3 hobgoblins (D:1)
  4 jackals (D:1)
  3 kobolds (D:1)
  A quokka (D:1)
  A rat (D:1)
27 creatures vanquished.

Notes
Turn   | Place    | Note
-------+----------+-------------------------------------------
     0 | D:1      | qw the Tengu Warper began the quest for the Orb.
     0 | D:1      | Reached XP level 1. HP: 12/12 MP: 4/4
     0 | D:1      | 0 ||| qw: Version: 0.1-a-89-g26bdef1
     0 | D:1      | 0 ||| qw: Game counter: 661
     0 | D:1      | 0 ||| qw: Always use a shield: true
     0 | D:1      | 0 ||| qw: God list: Okawaru
     0 | D:1      | 0 ||| qw: Allow faded altars: false
     0 | D:1      | 0 ||| qw: Do Orc after D:15 true
     0 | D:1      | 0 ||| qw: Do second Lair branch before Depths: true
     0 | D:1      | 0 ||| qw: Lair rune preference: random
     0 | D:1      | 0 ||| qw: Plans: Normal
     0 | D:1      | 0 ||| PLANNING D:1-11
   111 | D:1      | Found a faded altar of an unknown god.
   124 | D:1      | Reached XP level 2. HP: 17/17 MP: 6/6
   126 | D:1      | Reached skill level 3 in Axes
   342 | D:1      | 342 ||| Stepping ~*~*~tactically~*~*~ (stealth).
   347 | D:1      | 347 ||| Stepping ~*~*~tactically~*~*~ (stealth).
   348 | D:1      | 348 ||| Stepping ~*~*~tactically~*~*~ (stealth).
   349 | D:1      | 349 ||| Stepping ~*~*~tactically~*~*~ (stealth).
   369 | D:1      | Reached XP level 3. HP: 16/21 MP: 7/7
   862 | D:1      | Reached skill level 4 in Axes
  1002 | D:1      | 1002 ||| READING 2 scrolls labelled TIFYGA ONAOR.
  1003 | D:1      | 1003 ||| READING scroll labelled DAG XODGHAPAA.
  1004 | D:1      | 1004 ||| READING scroll labelled ATADDO ZOLLO.
  1005 | D:1      | 1005 ||| DRINKING 2 cyan potions.
  1006 | D:1      | 1006 ||| DROPPING scroll of poison.
  1007 | D:1      | 1007 ||| DROPPING scroll of blinking.
  1008 | D:1      | 1008 ||| DROPPING potion of brilliance.
  1009 | D:1      | 1009 ||| Stepping randomly (stuck).
  1010 | D:1      | 1010 ||| Stepping ~*~*~tactically~*~*~ (cloud).
  1012 | D:1      | HP: 5/21 [poisoned by you (poison gas)]
  1015 | D:1      | HP: 2/21 [poisoned by you (poison gas)]
  1017 | D:1      | Succumbed to their own poison gas

Levels and vault maps discovered:
D:1:      matt_arrival_grand_opening, layout_loops_ring,
          nicolae_ecumenical_snake_handling, minmay_misc_feat_rows,
          fountainhead, nicolae_concentric_dashed_squares_wild

Skill      XL: |  1  2  3 |
---------------+----------+-----
Axes           | 3 4 |  4.0
Fighting       | |  2.0
Throwing       | |  1.0
Armour         | |  1.1
Dodging        | |  2.1
Spellcasting   | |  2.0
Translocations | |  2.4

Action                   || total
-------------------------++-------
Melee: Hand axe          ||    59
       Kick              ||     7
       Peck              ||     7
       Punch             ||     1
Throw: Boomerang         ||     7
  Use: Scroll            ||     3
       Potion            ||     1
Armor: Leather armour    ||    14
Dodge: Dodged            ||    42

Table legend:
 A = Non-vault XP
 B = Vault XP
 C = Vault XP percentage of total XP
 D = Non-vault monster count
 E = Vault monster count
 F = Vault count percentage of total count
                 A         B        C        D         E       F
            +---------+---------+-------+---------+---------+-------
      Total |      41 |       4 |   8.9 |      24 |       3 |  11.1
            +---------+---------+-------+---------+---------+-------
        D:1 |      41 |       4 |   8.9 |      24 |       3 |  11.1
            +---------+---------+-------+---------+---------+-------
